 Seeded DCSS version 0.30.1 (webtiles) character file.

Game seed: 6351066067085065685 (custom seed)

2819 Esekla the Reanimator (level 9, -16/43 (45) HPs)
             Began as a Deep Elf Necromancer on July 7, 2023.
             Was a Believer of Vehumet.
             Demolished by a wight
             ... wielding a +4 great sword
              (19 damage)
             ... on level 7 of the Dungeon.
             The game lasted 00:47:30 (6109 turns).

Esekla the Reanimator (Deep Elf Necromancer)        Turns: 6109, Time: 00:47:31

HP:   -16/43 (45)   AC:  5    Str:  5    XL:     9   Next: 45%
MP:   20/24         EV: 15    Int: 25    God:    Vehumet [**....]
Gold: 449           SH:  0    Dex: 18    Spells: 17/26 levels left

rFire   . . .        a - +5 rapier of the Hero {heavy, rN+ Dex+3}
rCold   . . .        (no shield)
rNeg    + . .        n - +0 robe
rPois   .            w - +0 helmet
rElec   .            F - +0 cloak
rCorr   .            k - +0 pair of gloves
SInv    .            (no boots)
Will    .....        C - amulet of magic regeneration
Stlth   +++          (no ring)
HPRegen 0.27/turn    (no ring)
MPRegen 0.59/turn

%: no passive effects
@: about to teleport, lightly drained
A: no striking features
a: Renounce Religion


You were on level 7 of the Dungeon.
You worshipped Vehumet.
Vehumet was pleased with you.
You visited 1 branch of the dungeon, and saw 8 of its levels.

You collected 449 gold pieces.

Inventory:

Hand Weapons
 a - the +5 rapier of the Hero (weapon) {heavy, rN+ Dex+3}
   (You found it on level 3 of the Dungeon)

   Dex:       It affects your dexterity (+3).
   rN:        It protects you from negative energy.
 s - a +3 vampiric dagger
 J - a +4 trident of venom
Missiles
 u - 22 poisoned darts (quivered)
 y - 5 throwing nets
Armour
 k - a +0 pair of gloves (worn)
 n - a +0 robe (worn)
 w - a +0 helmet (worn)
 F - a +0 cloak (worn)
Jewellery
 C - an amulet of magic regeneration (around neck)
Wands
 c - a wand of roots (21)
 r - a wand of polymorph (9)
 E - a wand of flame (15)
 H - a wand of mindburst (9)
Scrolls
 e - 2 scrolls of fear
 f - a scroll of teleportation
 g - a scroll of enchant armour {unknown}
 h - 2 scrolls of amnesia {unknown}
 i - 2 scrolls of enchant weapon
 m - a scroll of immolation {unknown}
 p - 5 scrolls of blinking {unknown}
 t - 2 scrolls of fog
 x - a scroll of summoning {unknown}
 A - a scroll of silence {unknown}
 B - a scroll of magic mapping {unknown}
 G - a scroll of poison {unknown}
 I - 2 scrolls of identify
Potions
 b - a potion of magic
 d - 3 potions of ambrosia
 j - 6 potions of curing
 l - 6 potions of attraction
 o - 3 potions of haste
 q - 2 potions of heal wounds
 v - a potion of mutation
 z - 3 potions of brilliance
 D - a potion of lignification


   Skills:
 + Level 4.1 Short Blades
 + Level 1.3 Throwing
 * Level 6.1 Dodging
 + Level 5.0 Stealth
 * Level 9.4 Spellcasting
 * Level 3.0 Conjurations
 * Level 9.8 Necromancy
 + Level 3.0 Translocations


You had 17 spell levels left.
You knew the following spells:

 Your Spells              Type           Power      Damage    Failure   Level
a - Necrotise             Necr           100%       1d9       1%          1
d - Vampiric Draining     Necr           57%        2d10      1%          3
e - Searing Ray           Conj           52%        2d6       2%          2
t - Teleport Other        Tloc           26%        N/A       4%          3

Your spell library contained the following spells:

 Spells                   Type           Power      Damage    Failure   Level
 Volatile Blastmotes      Fire/Tloc      38%        2d13      9%          3
 Animate Dead             Necr           57%        N/A       1%          4
 Lesser Beckoning         Tloc           52%        N/A       2%          2
 Agony                    Necr           57%        N/A       2%          5
 Gell's Gravitas          Tloc           26%        N/A       4%          3
 Spider Form              Tmut/Pois      11%        N/A       16%         3
 Cause Fear               Hex            5%         N/A       45%         4
 Summon Mana Viper        Hex/Summ       11%        N/A       82%         5


Dungeon Overview and Level Annotations

Branches:
Dungeon (8/15)             Temple (0/1) D:6
   Lair: D:8-11

Altars:
Dithmenos
Fedhas
Hepliaklqana
Okawaru
Qazlal
Trog
Vehumet
Zin
The Shining One

Shops:
D:2 =   D:4 (


Message History

The ogre is lightly wounded.
The searing ray hits the wight.
The wight is moderately damaged.
The searing ray hits the ogre!
The ogre is heavily wounded.
You finish channelling your searing ray.
The wight hits you with a +4 great sword!!
Casting: Searing Ray (safe; 2% risk of failure)
Confirm with . or Enter, or press ? or * to list all spells.
Aiming: Teleport Other (dangerous; 4% risk of failure)
Press: ? - help, Shift-Dir - straight line, f/p - wight
Aim: a wight, wielding a +4 great sword and wearing a +0 robe (moderately damaged, chance to affect: 66%)
The wight struggles to resist.
The wight hits you with a +4 great sword.
Casting: Teleport Other (dangerous; 4% risk of failure)
Confirm with . or Enter, or press ? or * to list all spells.
Aiming: Teleport Other (dangerous; 4% risk of failure)
Press: ? - help, Shift-Dir - straight line, f/p - wight
Aim: a wight, wielding a +4 great sword and wearing a +0 robe (moderately damaged, chance to affect: 66%)
The wight struggles to resist.
The wight hits you with a +4 great sword!
* * * LOW HITPOINT WARNING * * *
You partially resist.
You feel drained.
As you read the scroll labelled BUGABINK IGUEV, it crumbles to dust.
It is a scroll of enchant weapon.
Your +2 vampiric dagger glows red for a moment.
The wight barely misses you.
As you read the scroll labelled QOIXKOT YTEE, it crumbles to dust.
You assume a fearsome visage.
The wight is unaffected.
The ogre resists with some effort.
It was a scroll of fear.
The wight hits you with a +4 great sword!
* * * LOW HITPOINT WARNING * * *
You partially resist.
You feel drained.
* * * LOW HITPOINT WARNING * * *
As you read the scroll labelled EGUZUT XAHEGAJ, it crumbles to dust.
You feel strangely unstable.
It was a scroll of teleportation.
The wight barely misses you. The wight attacks as you move away!
The wight hits you with a +4 great sword!!
You die...

...O.......'...........
...........#....#######
....#####'##....# ...
#..##....# .
#.###....####### #.#
#........... ########O#
#.....######
#......z.#######.#<....
####.....@.......##.##.#..
#>.'.............)........
####.......#.....#####.###
#.....>.#.....#.<[)...#
#.......#.....#.###.#.#
#.......#.....#.# #.#)#
#.......#.....#.# #.#.#
#########.....#.###.#.#
#.....#.....#.#


You could see an ogre and a wight.

Vanquished Creatures
  Pikel (D:6)
  Joseph (D:7)
  A wyvern (D:7)
  Menkaure (D:7)
  A sky beast (D:6)
  2 black bears
  An ogre (D:5)
  A centaur (D:7)
  A phantom (D:7)
  Blork the orc (D:6)
  A kobold brigand (D:6)
  A gnoll sergeant (D:7)
  A bullfrog (D:7)
  2 scorpions (D:5)
  A gnoll bouda (D:4)
  6 hounds
  A jelly (D:6)
  Crazy Yiuf (D:7)
  A sleepcap (D:5)
  5 iguanas
  An orc wizard (D:8)
  17 gnolls
  9 adders
  A shadow imp (D:8)
  5 white imps
  An ufetubus (D:6)
  A worm (D:4)
  3 dart slugs
  17 orcs
  6 ball pythons
  4 endoplasms
  8 goblins
  5 hobgoblins
  A quokka (D:1)
  4 bats
  4 frilled lizards
  12 kobolds
  A rat (D:2)
131 creatures vanquished.

Notes
Turn   | Place    | Note
-------+----------+-------------------------------------------
     0 | D:1      | Esekla the Deep Elf Necromancer began the quest for the
                  | Orb.
     0 | D:1      | Reached XP level 1. HP: 10/10 MP: 6/6
   229 | D:1      | Reached skill level 5 in Necromancy
   251 | D:1      | Reached XP level 2. HP: 9/15 MP: 8/8
   294 | D:1      | You fall into a shaft and drop 1 floor!
   471 | D:3      | Found a stormy altar of Qazlal.
   496 | D:3      | Reached XP level 3. HP: 13/19 MP: 9/9
   505 | D:3      | Learned a level 3 spell: Vampiric Draining
   524 | D:3      | Found a hazy altar of Hepliaklqana.
   524 | D:3      | Found a bloodstained altar of Trog.
   725 | D:4      | Found Ponaysk's Antique Weapon Boutique.
   793 | D:4      | Found a radiant altar of Vehumet.
   797 | D:4      | Became a worshipper of Vehumet
   941 | D:3      | Identified the +5 rapier of the Hero {heavy, rN+ Dex+3}
   960 | D:2      | Found Renulab's Jewellery Shop.
  1042 | D:2      | Reached XP level 4. HP: 24/24 MP: 11/11
  1652 | D:2      | Reached skill level 1 in Short Blades
  1876 | D:1      | Reached * piety under Vehumet
  1876 | D:1      | Offered knowledge of Kiss of Death by Vehumet.
  2053 | D:2      | Reached XP level 5. HP: 28/28 MP: 12/12
  2070 | D:2      | Found a faded altar of an unknown god.
  2153 | D:2      | Noticed a black bear
  2167 | D:2      | Killed a black bear
  2699 | D:4      | Reached XP level 6. HP: 32/32 MP: 14/14
  2784 | D:4      | Found a glowing golden altar of the Shining One.
  3038 | D:4      | Found an iron altar of Okawaru.
  3052 | D:4      | Found a glowing silver altar of Zin.
  3248 | D:5      | Entered Level 5 of the Dungeon
  3256 | D:5      | Got the Parchment of the Lumpy Olives
  3273 | D:5      | Found a shadowy altar of Dithmenos.
  3497 | D:5      | Reached skill level 5 in Spellcasting
  3558 | D:5      | Reached XP level 7. HP: 36/36 MP: 14/16
  3860 | D:5      | Learned a level 3 spell: Teleport Other
  3899 | D:5      | Reached ** piety under Vehumet
  4078 | D:6      | Offered knowledge of Searing Ray by Vehumet.
  4084 | D:6      | Reached skill level 1 in Translocations
  4096 | D:6      | Reached skill level 1 in Throwing
  4096 | D:6      | Reached XP level 8. HP: 34/41 MP: 10/19
  4113 | D:6      | Found a blossoming altar of Fedhas.
  4184 | D:6      | Reached skill level 5 in Dodging
  4268 | D:6      | Found a staircase to the Ecumenical Temple.
  4277 | D:6      | Learned a level 2 spell: Searing Ray
  4587 | D:6      | Noticed Blork the orc
  4595 | D:6      | Reached skill level 1 in Conjurations
  4737 | D:6      | Killed Blork the orc
  5067 | D:6      | Noticed Pikel
  5078 | D:6      | Killed Pikel
  5149 | D:7      | Found a runed translucent door.
  5150 | D:7      | Noticed Crazy Yiuf
  5157 | D:7      | Killed Crazy Yiuf
  5303 | D:7      | Reached XP level 9. HP: 38/45 MP: 17/23
  5378 | D:7      | Noticed Menkaure
  5385 | D:7      | Killed Menkaure
  5810 | D:8      | Noticed a two-headed ogre
  5896 | D:7      | Noticed Joseph
  5922 | D:6      | Offered knowledge of Volatile Blastmotes by Vehumet.
  5994 | D:7      | Reached skill level 5 in Stealth
  6037 | D:7      | Killed Joseph
  6109 | D:7      | Demolished by a wight

Illustrated notes

Levels and vault maps discovered:
D:1:      sevenhm_arrival_forest_fort_small_3, layout_rooms,
          chequers_serial_rivers_room_b, minmay_misc_feat_five
D:2:      layout_loops_ring, dreamdust_ecumenical_altar_angels_and_demons,
          serial_shops, shop
D:3:      layout_basic, grunt_temple_overflow_open, minmay_misc_feat_iff
D:4:      layout_basic, nicolae_overflow_quartered_altars, serial_shops,
          nicolae_diamond_shop
D:5:      layout_loops_ring, lemuel_doored_altar, minmay_misc_feat_rows,
          dreamdust_wishing_well
D:6:      layout_loops_cross, fedhas_altar_fruit_tree,
          minmay_temple_entry_glass, uniq_pikel, uniq_blork_the_orc
D:7:      layout_basic, uniq_menkaure, uniq_joseph, uniq_crazy_yiuf_cottage
D:8:      layout_basic, nicolae_uskayaw_dance_hall, serial_demonic,
          serial_demonic_d, serial_demonic_a, serial_demonic_c,
          serial_demonic_c, nicolae_diode_quadrants

Skill      XL: |  1  2  3  4  5  6  7  8  9 |
---------------+----------------------------+-----
Necromancy     | 5 6 7 9 |  9.8
Dodging        | 3 4 5 6 |  6.1
Stealth        | 3 4 5 |  5.0
Short Blades   | 1 2 3 4 |  4.1
Spellcasting   | 4 5 6 8 9 |  9.4
Translocations | 1 2 3 |  3.0
Throwing       | 1 |  1.3
Conjurations   | 2 3 |  3.0

Action                     |  1- 3 |  4- 6 |  7- 9 || total
---------------------------+-------+-------+-------++-------
  Melee: Short sword       |    12 |       |       ||    12
         Unarmed           |     9 |       |       ||     9
         Dagger            |    51 |       |       ||    51
         Rapier            |     1 |    85 |    75 ||   161
         Punch             |       |     1 |       ||     1
  Throw: Dart              |       |    14 |    12 ||    26
   Cast: Vampiric Draining |       |    18 |    39 ||    57
         Searing Ray       |       |       |    11 ||    11
         Teleport Other    |       |       |     5 ||     5
    Use: Scroll            |       |       |    11 ||    11
   Stab: Sleeping          |     3 |     8 |     9 ||    20
 Armour: Robe              |    14 |    18 |    20 ||    52
  Dodge: Dodged            |    35 |    65 |    95 ||   195
